 Dungeon Crawl Stone Soup version 0.29.1-1-gd02db6906a (webtiles) character file.

Game seed: 4103417505003024908

44 MeatBomb the Shield-Bearer (level 3, -3/36 HPs)
             Began as a Troll Fighter on Sept 20, 2022.
             Slain by an iguana (7 damage)
             ... on level 1 of the Dungeon.
             The game lasted 00:08:09 (1333 turns).

MeatBomb the Shield-Bearer (Troll Fighter)          Turns: 1333, Time: 00:08:10

Health: -3/36      AC:  4    Str: 24    XL:     3   Next: 39%
Magic:  2/2        EV:  8    Int:  6    God:
Gold:   82         SH:  7    Dex:  9    Spells: 2/2 levels left

rFire   . . .      SeeInvis .     - Unarmed
rCold   + . .      Faith    .   b - +0 kite shield
rNeg    . . .      Spirit   .   a - +0 robe
rPois   .          Reflect  .   (helmet restricted)
rElec   .          Harm     .   (no cloak)
rCorr   .          Rampage  .   (gloves unavailable)
Will    .....                   (boots unavailable)
Stlth   +.........              (no amulet)
HPRegen 0.92/turn               f - ring of protection from cold
MPRegen 0.08/turn               (no ring)

@: no status effects
A: large, unfitting armour, claws 3, regeneration 1, shaggy fur 1, tough skin 1
a: no special abilities


You were on level 1 of the Dungeon.
You visited 1 branch of the dungeon, and saw 2 of its levels.

You collected 82 gold pieces.

Inventory:

Missiles
 h - 8 stones (quivered)
Armour
 a - a +0 robe (worn)
 b - a +0 kite shield (worn)
 i - a +0 tower shield
Jewellery
 f - a ring of protection from cold (left claw)
Scrolls
 d - 2 scrolls of identify {unknown}
 e - a scroll of teleportation
Potions
 c - a potion of might
 g - a potion of curing {unknown}
 j - a potion of heal wounds {unknown}


   Skills:
 + Level 2.7 Fighting
 - Level 2.4 Dodging
 + Level 3.1 Shields
 * Level 3.0 Unarmed Combat


You had 2 spell levels left.
You didn't know any spells.
Your spell library contained the following spells:

 Spells                   Type           Power      Damage    Failure   Level
 Gell's Gravitas          Tloc           0%         N/A       98%         3
 Teleport Other           Tloc           0%         N/A       98%         3
 Dispersal                Tloc           0%         N/A       100%        6


Dungeon Overview and Level Annotations

Branches:
Dungeon (2/15)

Altars:


Innate Abilities, Weirdness & Mutations

You are too large for most types of armour.
You have claws for hands.
Your natural rate of healing is unusually fast.
You are covered in fur. (AC +1)
You have tough skin. (AC +1)


Message History

The kobold hits you but does no damage.
An endoplasm comes into view.
You barely miss the iguana. The iguana bites you!
You block the kobold's attack.
You scratch the iguana but do no damage.
The kobold completely misses you.
The iguana bites you but does no damage.
You scratch the iguana but do no damage.
The kobold hits you with a +0 short sword.
You block the iguana's attack.
You closely miss the kobold.
The kobold hits you with a +0 short sword.
The iguana bites you. You block the kobold's attack.
The iguana barely misses you. You block the endoplasm's attack.
You claw the kobold!
You kill the kobold!
The bat hits you but does no damage. The iguana bites you.
The endoplasm hits you.
You scratch the iguana.
The iguana is moderately wounded.
The iguana bites you.
* * * LOW HITPOINT WARNING * * *
You block the endoplasm's attack. The endoplasm hits you.
* * * LOW HITPOINT WARNING * * *
The iguana barely misses you. The endoplasm freezes you.
You are frozen.
You resist.
* * * LOW HITPOINT WARNING * * *
The endoplasm freezes you.
You are frozen.
You resist.
You climb upwards.
There is a stone staircase leading down here.
You claw the endoplasm!
You kill the endoplasm!
The iguana bites you!
* * * LOW HITPOINT WARNING * * *
You claw the iguana!
The iguana is severely wounded.
The iguana bites you!
You die...

#.# #.#.#......♣♣♣.#####. #.#
#.#.#.#.##..♣♣P♣♣÷♣..
#######.#####.#.#.#.#....♣♣♣♣♣♣..
..........#.....#.#.####........#
..........#.....#.#..............
..........#.......###############
..........#......>...............
#######.###....##################
..............Jl@#....#.........#
##......########.#.##.#.#######.#
#......# #.#..#.#...# #.#
#......###### #.#..#.###.# #.#
#......#....# #..........# #.#
#......#....# #...##.#########.#
#######......###................#
#≈§≈§§###....##..####..#######..#
#≈..§≈#......##...###..##....#..#


You could see an iguana and an endoplasm.

Vanquished Creatures
  A worm (D:2)
  7 ball pythons
  3 endoplasms (D:1)
  3 goblins
  5 hobgoblins
  6 jackals (D:1)
  2 kobolds
  2 quokkas
  3 bats (D:1)
  3 rats (D:1)
35 creatures vanquished.

Notes
Turn   | Place    | Note
-------+----------+-------------------------------------------
     0 | D:1      | MeatBomb the Troll Fighter began the quest for the Orb.
     0 | D:1      | Reached XP level 1. HP: 22/22 MP: 0/0
   194 | D:1      | Reached XP level 2. HP: 27/29 MP: 1/1
   623 | D:1      | Reached XP level 3. HP: 33/36 MP: 2/2
   870 | D:1      | Found a faded altar of an unknown god.
  1333 | D:1      | Slain by an iguana

Illustrated notes

Levels and vault maps discovered:
D:1:      ebering_trefoil_3fold, layout_basic,
          dilly_ecumenical_altar_fadedgnrine, kennysheep_minor_cross,
          minmay_surrounded
D:2:      layout_loops_cross, minmay_increasing_density

Skill      XL: |  1  2  3 |
---------------+----------+-----
Shields        | 3 |  3.1
Unarmed Combat | 3 |  3.0
Fighting       | |  2.7
Dodging        | |  2.4

Action                   || total
-------------------------++-------
Melee: Unarmed           ||    91
  Use: Scroll            ||     3
Armor: Robe              ||    20
Dodge: Dodged            ||    27
Block: Kite shield       ||    28
